AoeStats
← die trying

Arabian Desert

508933665Analyzed
1v1 RM · 6d ago on Sep 24, 2026· 30m 49s· 2 players
Game mode
Random Map
Map size
Tiny (2 player)
Population
200
Speed
Normal
Resources
Standard
Victory
Conquest
Starting age
Dark Age
Ending age
Imperial Age
RankedLock teamsTeams togetherTeam positionsShared explorationLock speedFull tech treeHidden civsTurbo modeCheats
Victory
Defeat
🇨🇱 Mongols · Chile
1914
+18
🇦🇷 Magyars · Argentina
1961
-18
die trying
5:44 Loom
8:12 Feudal Age
8:26 Man-at-Arms
17:12 Fletching
23:56 Castle Age
22:20 Double-Bit Axe
22:45 Padded Archer Armor
24:32 Bodkin Arrow
24:03 Crossbowman
28:49 Ballistics
28:30 Husbandry
PabloG6
5:46 Loom
8:25 Feudal Age
8:59 Double-Bit Axe
9:56 Horse Collar
17:37 Wheelbarrow
23:52 Castle Age
22:06 Scale Barding Armor
22:41 Bloodlines
22:37 Gold Mining
27:40 Husbandry
28:26 Bow Saw
Connection lost

Rejoining the realm…

Still unreachable

The connection could not be restored.

Session expired

The server has moved on; the page needs a fresh start.